Map: Oxide LE

Players

Rogue - Winner!

  • Race: Zerg Zerg
  • Spawn Location: 1:00

Vanya

  • Race: Zerg Zerg
  • Spawn Location: 7:00

Event: StayAtHome Story Cup #3

VOD

Have the link to the VOD?

Description

Time

  • Played on: March 11, 2021, 8:43 a.m.
  • Length: 4:57

All games in this series

Show
View Real Time Build Order
Export as new Build Order

Rogue Zerg - Winner!

Build Orders: Hatch First 

Get SALT Encoding   

  12  0:00  Drone  
  13  0:12  Overlord  
  13  0:17  Drone  
  14  0:31  Drone x2  
  16  0:49  Hatchery  
  15  0:51  Drone  
  15  0:54  Drone  
  17  0:57  Drone  
  18  1:08  Extractor  
  17  1:13  Spawning Pool  
  17  1:16  Drone  
  17  1:19  Drone  
  18  1:28  Drone  
  19  1:39  Drone  
  20  1:50  Drone  
  21  2:01  Queen x2  
  21  2:02  Drone, Overlord  
  21  2:08  Metabolic Boost  
  26  2:12  Drone x2  
  28  2:24  Zergling x4  
  30  2:34  Drone, Hatchery  
  30  2:37  Drone  
  30  2:44  Queen  
  31  2:46  Drone  
  34  2:54  Overlord  
  34  2:55  Drone  
  34  2:56  Drone  
  36  3:05  Evolution Chamber  
  36  3:09  Drone  
  36  3:13  Drone  
  36  3:14  Drone x4  
  36  3:16  Drone  
  42  3:20  Overlord  
  42  3:25  Drone x2  
  44  3:43  Zergling x2  
  44  3:44  Roach Warren, Zergling x6  
  44  3:45  Zergling x2  
  44  3:46  Zergling x2  
  49  3:49  Zergling x4  
  49  3:54  Overlord  
  51  3:59  Zergling x8  
  51  4:01  Zergling x2  
  56  4:09  Zergling x4  
  58  4:16  Evolution Chamber  
  53  4:26  Roach x4  
  53  4:27  Roach x2  
  53  4:29  Overlord x2  
  66  4:31  Zergling x2  
  66  4:33  Zergling x2  
  66  4:34  Overlord  
Show
View Real Time Build Order
Export as new Build Order

Vanya Zerg 

Build Orders: Hatch First, Zergling Baneling 

Get SALT Encoding   

  12  0:00  Drone  
  13  0:13  Overlord  
  13  0:17  Drone  
  14  0:32  Drone x2  
  16  0:48  Hatchery  
  15  0:51  Drone  
  15  0:55  Drone  
  17  0:58  Drone  
  18  1:08  Extractor  
  17  1:12  Spawning Pool  
  17  1:16  Drone  
  17  1:19  Drone  
  18  1:29  Drone  
  19  1:40  Drone  
  20  1:51  Drone  
  21  1:59  Queen x2  
  21  2:00  Zergling x2  
  26  2:01  Overlord  
  26  2:11  Drone  
  26  2:12  Drone, Metabolic Boost  
  28  2:23  Drone x2  
  30  2:32  Drone  
  30  2:33  Overlord  
  30  2:35  Queen  
  33  2:43  Drone  
  34  2:47  Evolution Chamber  
  34  2:50  Drone  
  34  2:57  Drone x2  
  35  2:59  Roach Warren  
  35  3:00  Baneling Nest  
  33  3:09  Zergling x10  
  38  3:26  Overlord  
  38  3:27  Zergling x8  
  38  3:32  Evolution Chamber  
  41  3:34  Zergling x2  
  42  3:41  Overlord x2  
  42  3:45  Zergling x2  
  43  3:49  Zergling x2  
  43  3:50  Zergling x2  
  43  3:51  Zergling x2  
  47  3:57  Zergling x4  
  47  4:02  Zergling x2  
  50  4:06  Zergling x2  
  50  4:09  Baneling x8  
  51  4:15  Zergling x2  
  51  4:16  Zergling x6  
  55  4:22  Zergling x8  
  53  4:31  Zergling x2  
  53  4:32  Zergling x2  
  49  4:48  Hatchery  
Tags
 
Add a new tag
Caveats
  • Supply blocks, unpowered buildings, or Contaminate may cause inaccurate times.
  • Supply counts are checked every 10 seconds.